 Dungeon Crawl Stone Soup version 0.20-a0-785-g17250f0 (webtiles) character file.

32 nono the Chucker (level 3, 0/19 HPs)
             Began as a Vine Stalker Hunter on Feb 27, 2017.
             Succumbed to a kobold's poison
             ... on level 3 of the Dungeon.
             The game lasted 00:02:41 (498 turns).

nono the Chucker (Vine Stalker Hunter)               Turns: 498, Time: 00:02:41

Health: 0/19       AC:  7    Str: 15    XL:     3   Next: 25%
Magic:  4/4        EV: 11    Int: 11    God:
Gold:   37         SH:  0    Dex: 14    Spells: 2/2 levels left

rFire    . . .     SeeInvis +   a - +0 short sword
rCold    . . .     Gourm    .   e - +0 ring mail
rNeg     . . .     Faith    .   (no shield)
rPois    .         Spirit   +   m - +2 hat {SInv}
rElec    .         Reflect  .   (no cloak)
rCorr    .         Harm     .   (no gloves)
MR       .....                  (no boots)
Stlth    +.........             i - amulet of magic regeneration
Regen    0.1/turn               (no ring)
MPRegen  0.2/turn               (no ring)

@: lethally poisoned (0 -> -17)
A: fangs 2, magic shield, antimagic bite, no potion heal 3, rot immunity
a: no special abilities


You were on level 3 of the Dungeon.
You were not hungry.

You visited 1 branch of the dungeon, and saw 3 of its levels.

You collected 37 gold pieces.

Inventory:

Hand Weapons
 a - a +0 short sword (weapon)
Missiles
 c - 3 javelins (quivered)
 d - 2 throwing nets
Armour
 b - a +0 leather armour
 e - a +0 ring mail (worn)
 m - a +2 hat of see invisible (worn)
Jewellery
 i - an amulet of magic regeneration (around neck)
Scrolls
 j - a scroll of noise {unknown}
 k - 3 scrolls of remove curse {unknown}
 l - 2 scrolls of immolation {unknown}
 n - a scroll of recharging {unknown}
 q - a scroll of blinking {unknown}
 r - a scroll of enchant weapon {unknown}
Potions
 h - a potion of brilliance {unknown}
 p - a potion of curing {unknown}
Comestibles
 f - 2 bread rations
 g - 2 meat rations
 o - a royal jelly


   Skills:
 + Level 2.5 Fighting
 + Level 1.7 Short Blades
 - Level 3.6 Throwing
 - Level 1.5 Dodging
 - Level 1.2 Stealth


You had 2 spell levels left.
You didn't know any spells.

Dungeon Overview and Level Annotations

Branches:
Dungeon (3/15)

Altars:
Uskayaw

Annotations:
D:3 Natasha


Innate Abilities, Weirdness & Mutations

You have extremely sharp teeth.
When hurt, damage is shared between your health and your magic reserves.
Your bite disrupts and absorbs the magic of your enemies.
Potions cannot restore your health.
You are immune to rotting.


Message History

You throw a javelin. The leopard gecko hisses angrily.
The javelin hits the kobold.
You kill the kobold!
* * * LOW HITPOINT WARNING * * *
You feel sick.
The kobold shoots a poisoned needle.
The poisoned needle hits you.
You are more poisoned.
The kobold shoots a poisoned needle.
The poisoned needle barely misses you.
Throwing (i - inventory. (,) - cycle):
c - 5 javelins (quivered)
Press: ? - help, Shift-Dir - straight line, f - rat
Aim: a rat You throw a javelin.
The javelin barely misses the rat.
* * * LOW HITPOINT WARNING * * *
You feel sick.
Throwing (i - inventory. (,) - cycle):
c - 4 javelins (quivered)
Press: ? - help, Shift-Dir - straight line, f - kobold, p - rat
Aim: a kobold, wielding a blowgun You throw a javelin.
The javelin closely misses the kobold.
You die...

######
####....#
........#
........#
..#.#...#
..>....#
..#.#r..#
...l().@#
..K.....#
#######(#
#.# #.#
#.# #.#
#.#
######.#


You could see a leopard gecko, a kobold and a rat.

Vanquished Creatures
  An adder (D:3)
  A dart slug (D:1)
  An orc (D:2)
  A giant cockroach (D:3)
  2 goblins
  A hobgoblin (D:3)
  3 jackals (D:2)
  2 kobolds (D:3)
  A quokka (D:2)
  2 ball pythons
  2 bats (D:2)
  2 rats
19 creatures vanquished.

Notes
Turn   | Place    | Note
-------+----------+-------------------------------------------
     0 | D:1      | nono the Vine Stalker Hunter began the quest for the Orb.
     0 | D:1      | Reached XP level 1. HP: 11/11 MP: 2/2
   286 | D:2      | Reached XP level 2. HP: 15/15 MP: 3/3
   340 | D:3      | Reached skill level 1 in Short Blades
   402 | D:2      | Reached XP level 3. HP: 8/19 MP: 4/4
   412 | D:3      | Found a hide-covered altar of Uskayaw.
   432 | D:3      | Noticed Natasha
   498 | D:3      | Succumbed to a kobold's poison

Vault maps used:
D:1:      dpeg_arrival_stonehenge_8_columns
D:2:      gammafunk_temple_overflow_statue
D:3:      eat_drink_and_be_merry_uskayaw, first_bread, dk_noncrumbling_4,
          st_stairs_14, uniq_natasha, uniq_terence

Skill      XL: |  1  2 |
---------------+-------+-----
Fighting       | 2 |  2.5
Short Blades   | 1 |  1.7
Throwing       | |  3.6
Dodging        | |  1.5
Stealth        | |  1.2

Action                   || total
-------------------------++-------
Melee: Short sword       ||    54
       Bite              ||    14
Throw: Javelin           ||     7
       Throwing net      ||     2
 Stab: Sleeping          ||     2
Armor: Ring mail         ||    24
Dodge: Dodged            ||    35
